Thunder vs Knights
Created - 30 mars 2017 at 19:09
Goals
|
| Thunder |
2 |
1 |
2 |
5 |
| Knights |
1 |
1 |
1 |
3 |
|
Shots
|
| Thunder |
12 |
13 |
12 |
37 |
| Knights |
11 |
16 |
8 |
35 |
|
1st period
1. Knights , Jimmy Hayes 31 (Joe Colborne, Jason Zucker) at 8:25
2. Thunder , Jay Beagle 31 (Adam Hall) at 11:12
3. Thunder , Daultan Leveillé 13 (David Fischer, Dany Roussin) at 18:34 (PP)
Penalties :
Jonathan Huberdeau (Lon) for Slashing (Minor) at 9:08, Michael Raffl (Lon) for Hooking (Minor) at 18:26
2nd period
4. Thunder , Adam Hall 6 (Daultan Leveillé, David Fischer) at 15:13 (PP)
5. Knights , Michael Raffl 25 (Chris Thorburn, Zack Hamill) at 16:20
Penalties :
Chris Thorburn (Lon) for Unsportsmanlike conduct (Minor) at 7:56, Jason Zucker (Lon) for Hooking (Minor) at 15:03
3rd period
6. Knights , Linden Vey 9 (Ronalds Kenins) at 1:59
7. Thunder , Evgeny Kuznetsov 14 (Pierre-Alexandre Parenteau, Kris Russell) at 9:36
8. Thunder , Adam Hall 7 (Dany Roussin) at 19:28 (Empty Net)
Penalties :
David Wolf (TRO) for Interference (Minor) at 5:54, Scott Jackson (Lon) for Hooking (Minor) at 12:59
Goalie Stats
Magnus Hellberg (TRO), 32 saves from 35 shots - (0,914), W, 4-2-1, 60:00 minutes
Ben Scrivens (Lon), 32 saves from 36 shots - (0,889), L, 18-9-4, 59:25 minutes
Players Stats for Thunder
Player Name G A P +/- PIM S H SB GA TA FO MP PP MP PK MP
------------------------------------------------------------------------------------
Adam Hall 2 1 3 1 0 7 1 0 1 1 3/4 21:31 3:24 0:59
Brett Festerling 0 0 0 1 0 0 3 1 0 0 0/0 16:11 1:24 0:56
Casey Pierro-Zabotel 0 0 0 -3 0 0 0 0 0 1 0/0 7:05 0:00 0:00
Dalton Smith 0 0 0 0 0 0 0 0 0 0 0/0 0:49 0:09 0:15
Dany Roussin 0 2 2 1 0 2 2 0 1 1 1/1 21:25 3:18 0:59
Daultan Leveillé 1 1 2 1 0 3 0 2 0 0 19/31 20:06 3:18 0:00
David Clarkson 0 0 0 -3 0 1 1 0 2 0 0/0 7:07 0:00 0:00
David Fischer 0 2 2 0 0 4 3 0 2 0 0/0 25:09 3:50 1:03
David Wolf 0 0 0 1 2 2 0 0 0 0 0/0 14:01 0:00 0:00
Evgeny Kuznetsov 1 0 1 1 0 3 0 1 1 0 6/10 16:30 2:48 0:16
Jared Staal 0 0 0 0 0 0 0 0 0 0 0/0 0:49 0:00 0:24
Jay Beagle 1 0 1 1 0 4 2 0 0 0 0/0 13:42 0:00 0:00
Joe Labate 0 0 0 -3 0 0 0 0 0 0 0/1 7:05 0:00 0:00
Joey Ryan 0 0 0 1 0 1 1 1 0 0 0/0 20:22 2:25 0:56
Joffrey Lupul 0 0 0 1 0 2 1 1 0 0 2/2 16:59 2:48 0:45
Josiah Didier 0 0 0 -1 0 0 0 0 0 0 0/0 15:19 0:00 0:00
Kelly Zajac 0 0 0 1 0 2 1 0 0 0 2/4 13:42 0:00 0:00
Kris Russell 0 1 1 0 0 0 2 0 1 2 0/0 26:01 4:11 1:03
Peter Andersson 0 0 0 -1 0 0 2 0 0 0 0/0 16:58 0:40 0:00
Pierre-Alexandre Parente 0 1 1 1 0 6 1 2 0 0 0/0 16:32 2:48 0:20
Robin Leblanc 0 0 0 0 0 0 0 0 0 0 0/1 0:37 0:12 0:00
Players Stats for Knights
Player Name G A P +/- PIM S H SB GA TA FO MP PP MP PK MP
------------------------------------------------------------------------------------
Chris Thorburn 0 1 1 0 2 3 1 0 0 0 0/0 18:24 0:40 0:00
Cody Bass 0 0 0 -1 0 2 0 0 0 1 3/10 15:05 0:00 3:36
Jared Spurgeon 0 0 0 -1 0 2 1 2 1 1 0/0 23:44 0:28 2:52
Jason Zucker 0 1 1 0 2 1 1 0 1 0 0/1 16:09 0:57 0:43
Jimmy Hayes 1 0 1 0 0 4 1 0 1 0 0/0 16:51 0:55 1:41
Joe Colborne 0 1 1 0 0 2 1 0 0 0 1/9 16:51 0:55 1:41
Jonathan Huberdeau 0 0 0 -1 2 2 1 0 1 0 0/1 13:38 0:55 1:12
Kevin Hayes 0 0 0 0 0 3 1 0 0 0 0/0 11:16 0:00 0:00
Linden Vey 1 0 1 1 0 5 1 0 0 0 0/0 8:26 0:07 0:00
Michael Raffl 1 0 1 -1 2 2 1 1 0 0 0/1 21:33 0:30 3:34
Michael Stone 0 0 0 1 0 0 0 2 0 1 0/0 13:16 0:00 0:00
Nikita Nikitin 0 0 0 0 0 2 2 2 0 1 0/0 22:29 1:00 3:23
Ronalds Kenins 0 1 1 1 0 1 0 0 0 0 1/1 8:01 0:00 0:00
Ryan Nugent-Hopkins 0 0 0 1 0 1 0 0 0 0 1/1 8:45 0:16 0:03
Scott Jackson 0 0 0 0 2 0 0 1 0 1 0/0 16:18 0:59 1:51
Tomas Kundratek 0 0 0 0 0 1 2 0 1 1 0/0 27:24 0:33 3:15
Zach Trotman 0 0 0 0 0 1 2 0 0 1 0/0 16:56 0:58 1:09
Zack Hamill 0 1 1 0 0 3 4 0 0 1 15/30 18:34 0:42 0:00
3 Stars
1 - Adam Hall (TRO)
2 - Daultan Leveillé (TRO)
3 - Dany Roussin (TRO)
Power Play
Thunder - 2 on 5 Attempt(s) - 40,00%
Knights - 0 on 1 Attempt(s) - 0,00%
Penalty Kill
Thunder - 1 on 1 Attempt(s) - 100,00%
- Score 0 goal in Penalty Kill
Knights - 3 on 5 Attempt(s) - 60,00%
- Score 0 goal in Penalty Kill
Team Stat
Thunder - Hits : 20 - Faceoff Wins : 33 - Blocked Shots : 8 - Penalty Minutes : 2
Knights - Hits : 19 - Faceoff Wins : 21 - Blocked Shots : 8 - Penalty Minutes : 10
Official
Referees : Charron Francis and Lee Chris
Linesman : Jay Sharrers and Pierre Racicot
Game Notes
0:04 of 3rd period - Thunder goal is going for a video replay. After video review, No Goal. The puck has entered the net after making contact with an attacking player’s stick that is above the height of the crossbar.
Brett Festerling is injured at 7:50 of 3rd period (Strained Left Knee)
Adam Hall has scored in a empty net!
Finance
Level 1 -- Attendance: 1573 (78,65%) -- Ticket Income 55 055 $
Level 2 -- Attendance: 757 (75,70%) -- Ticket Income 15 140 $
Total Attendance: 2330 (77,67%)
Total Ticket Income: 70 195 $
Other Income: 3 510 $
Total Income: 73 705 $
Thunder
5 vs 5 Forward
Center Left Wing Right Wing Time % Phy DF OF
1 Daultan Leveillé Dany Roussin Adam Hall 40 1 2 2
2 Evgeny Kuznetsov Joffrey Lupul Pierre-Alexandre Parentea30 1 2 2
3 Kelly Zajac David Wolf Jay Beagle 20 1 2 2
4 Joe Labate Casey Pierro-Zabotel David Clarkson 10 1 2 2
5 vs 5 Defense
Defense Defense Time % Phy DF OF
1 Kris Russell David Fischer 40 1 2 2
2 Joey Ryan Brett Festerling 30 1 2 2
3 Peter Andersson Josiah Didier 20 1 2 2
4 Kris Russell David Fischer 10 1 2 2
PowerPlay Forward
Center Left Wing Right Wing Time % Phy DF OF
1 Daultan Leveillé Dany Roussin Adam Hall 60 1 2 2
2 Evgeny Kuznetsov Joffrey Lupul Pierre-Alexandre Parentea40 1 2 2
PowerPlay Defense
Defense Defense Time % Phy DF OF
1 Kris Russell David Fischer 60 1 2 2
2 Joey Ryan Brett Festerling 40 1 2 2
Penalty Kill 4 Players Forward
Center Wing Time % Phy DF OF
1 Adam Hall Dany Roussin 60 1 2 2
2 Pierre-Alexandre ParenteaJoffrey Lupul 40 1 2 2
Penalty Kill 4 Players Defense
Defense Defense Time % Phy DF OF
1 Kris Russell David Fischer 60 1 2 2
2 Joey Ryan Brett Festerling 40 1 2 2
Penalty Kill - 3 Players Forward
Forward Time % Phy DF OF
1 Adam Hall 60 1 2 2
2 Dany Roussin 40 1 2 2
Penalty Kill - 3 Players Defense
Defense Defense Time % Phy DF OF
1 Kris Russell David Fischer 60 1 2 2
2 Joey Ryan Brett Festerling 40 1 2 2
4 vs 4 Forward
Center Wing Time % Phy DF OF
1 Adam Hall Dany Roussin 60 1 2 2
2 Pierre-Alexandre ParenteaJoffrey Lupul 40 1 2 2
4 vs 4 Defense
Defense Defense Time % Phy DF OF
1 Kris Russell David Fischer 60 1 2 2
2 Joey Ryan Brett Festerling 40 1 2 2
Last Minutes Offensive
Center Left Wing Right Wing Defense Defense
Daultan Leveillé Dany Roussin Adam Hall Kris Russell David Fischer
Last Minutes Defensive
Center Left Wing Right Wing Defense Defense
Daultan Leveillé Dany Roussin Adam Hall Kris Russell David Fischer
Goaltenders
Starting : Magnus Hellberg
Backup : Niklas Treutle
Extra Forwards
Normal : Robin Leblanc, Dalton Smith, Jared Staal - PP : Robin Leblanc, Dalton Smith - PK : Jared Staal
Extra Defensemen
Normal : Peter Andersson, Josiah Didier, Joey Ryan - PP : Peter Andersson - PK : Josiah Didier, Joey Ryan
Penalty Shots
Adam Hall, Dany Roussin, Pierre-Alexandre Parenteau, Joffrey Lupul, Jay Beagle
Knights
5 vs 5 Forward
Center Left Wing Right Wing Time % Phy DF OF
1 Zack Hamill Michael Raffl Chris Thorburn 40 1 2 2
2 Joe Colborne Jason Zucker Jimmy Hayes 30 1 2 2
3 Cody Bass Jonathan Huberdeau Kevin Hayes 20 1 2 2
4 Ryan Nugent-Hopkins Ronalds Kenins Linden Vey 10 1 2 2
5 vs 5 Defense
Defense Defense Time % Phy DF OF
1 Tomas Kundratek Jared Spurgeon 40 1 2 2
2 Nikita Nikitin Zach Trotman 30 1 2 2
3 Michael Stone Scott Jackson 20 1 2 2
4 Tomas Kundratek Nikita Nikitin 10 1 2 2
PowerPlay Forward
Center Left Wing Right Wing Time % Phy DF OF
1 Zack Hamill Jason Zucker Chris Thorburn 60 0 0 5
2 Joe Colborne Jonathan Huberdeau Jimmy Hayes 40 0 0 5
PowerPlay Defense
Defense Defense Time % Phy DF OF
1 Tomas Kundratek Nikita Nikitin 60 0 1 4
2 Jared Spurgeon Scott Jackson 40 0 1 4
Penalty Kill 4 Players Forward
Center Wing Time % Phy DF OF
1 Cody Bass Michael Raffl 60 1 3 1
2 Joe Colborne Jimmy Hayes 40 1 3 1
Penalty Kill 4 Players Defense
Defense Defense Time % Phy DF OF
1 Nikita Nikitin Tomas Kundratek 60 1 4 0
2 Scott Jackson Jared Spurgeon 40 1 4 0
Penalty Kill - 3 Players Forward
Forward Time % Phy DF OF
1 Joe Colborne 60 0 4 1
2 Cody Bass 40 0 4 1
Penalty Kill - 3 Players Defense
Defense Defense Time % Phy DF OF
1 Nikita Nikitin Tomas Kundratek 60 0 5 0
2 Michael Stone Zach Trotman 40 0 5 0
4 vs 4 Forward
Center Wing Time % Phy DF OF
1 Zack Hamill Jason Zucker 60 1 2 2
2 Ryan Nugent-Hopkins Jimmy Hayes 40 1 2 2
4 vs 4 Defense
Defense Defense Time % Phy DF OF
1 Tomas Kundratek Nikita Nikitin 60 1 2 2
2 Zach Trotman Michael Stone 40 1 2 2
Last Minutes Offensive
Center Left Wing Right Wing Defense Defense
Zack Hamill Michael Raffl Chris Thorburn Tomas Kundratek Jared Spurgeon
Last Minutes Defensive
Center Left Wing Right Wing Defense Defense
Joe Colborne Michael Raffl Jimmy Hayes Tomas Kundratek Jared Spurgeon
Goaltenders
Starting : Ben Scrivens
Backup : Jeff Glass
Extra Forwards
Normal : Ryan Nugent-Hopkins, Chris Thorburn, Zack Hamill - PP : Michael Raffl, Jimmy Hayes - PK : Jonathan Huberdeau
Extra Defensemen
Normal : Nikita Nikitin, Tomas Kundratek, Jared Spurgeon - PP : Tomas Kundratek - PK : Scott Jackson, Tomas Kundratek
Penalty Shots
Ryan Nugent-Hopkins, Chris Thorburn, Zack Hamill, Michael Raffl, Jimmy Hayes
% Time on Ice - Thunder
Lines # - Real PCT - Wanted PCT - Time Play
Normal Forward
1 - 33% - 40% - 16:51
2 - 26% - 30% - 13:24
3 - 27% - 20% - 13:42
4 - 14% - 10% - 7:05
Normal Defense
1 - 34% - 40% - 17:31
2 - 33% - 30% - 17:01
3 - 28% - 20% - 14:29
4 - 4% - 10% - 2:01
PP Forward
1 - 55% - 60% - 3:27
2 - 45% - 40% - 2:48
PP Defense
1 - 61% - 60% - 3:50
2 - 39% - 40% - 2:25
PK Forward
1 - 83% - 60% - 1:39
2 - 17% - 40% - 0:20
PK Defense
1 - 53% - 60% - 1:03
2 - 47% - 40% - 0:56
PK3 Forward
1 - 0% - 60%
2 - 0% - 40%
PK3 Defense
1 - 0% - 60%
2 - 0% - 40%
44 Forward
1 - 0% - 60%
2 - 0% - 40%
44 Defense
1 - 0% - 60%
2 - 0% - 40%
Last Minute Offensive - 0:00
Last Minute Defensive - 0:44
Total
Forward - 60:00
Defense - 60:00
|
% Time on Ice - Knights
Lines # - Real PCT - Wanted PCT - Time Play
Normal Forward
1 - 34% - 40% - 17:31
2 - 28% - 30% - 14:15
3 - 22% - 20% - 11:16
4 - 16% - 10% - 8:01
Normal Defense
1 - 40% - 40% - 20:18
2 - 29% - 30% - 14:52
3 - 26% - 20% - 13:16
4 - 5% - 10% - 2:37
PP Forward
1 - 54% - 60% - 1:04
2 - 46% - 40% - 0:55
PP Defense
1 - 50% - 60% - 1:00
2 - 50% - 40% - 0:59
PK Forward
1 - 73% - 60% - 4:34
2 - 27% - 40% - 1:41
PK Defense
1 - 54% - 60% - 3:23
2 - 46% - 40% - 2:52
PK3 Forward
1 - 0% - 60%
2 - 0% - 40%
PK3 Defense
1 - 0% - 60%
2 - 0% - 40%
44 Forward
1 - 0% - 60%
2 - 0% - 40%
44 Defense
1 - 0% - 60%
2 - 0% - 40%
Last Minute Offensive - 0:43
Last Minute Defensive - 0:00
Total
Forward - 60:00
Defense - 60:00
|
Play by Play
1st period
0:01 of 1st period - Daultan Leveillé wins face-off versus Zack Hamill in neutral zone.
0:32 of 1st period - Slapshot by Jimmy Hayes.
0:32 of 1st period - Shot Blocked by Joffrey Lupul.
0:34 of 1st period - Slapshot by Jared Spurgeon.
0:34 of 1st period - Shot Misses the Net.
0:36 of 1st period - Slapshot by Tomas Kundratek.
0:36 of 1st period - Shot Blocked by Brett Festerling.
1:09 of 1st period - Wrist shot by Linden Vey.
1:09 of 1st period - Shot Blocked by Joey Ryan.
1:34 of 1st period - Wrist shot by Zack Hamill.
1:34 of 1st period - Shot Blocked by Daultan Leveillé.
1:36 of 1st period - Snap shot by Zack Hamill.
1:36 of 1st period - Stopped by Magnus Hellberg without a rebound.
1:37 of 1st period - Evgeny Kuznetsov wins face-off versus Joe Colborne in Thunder zone.
1:42 of 1st period - Slapshot by Joffrey Lupul.
1:42 of 1st period - Shot Misses the Net.
2:09 of 1st period - Snap shot by Michael Raffl.
2:09 of 1st period - Shot Misses the Net.
2:11 of 1st period - Slapshot by Jared Spurgeon.
2:11 of 1st period - Shot Misses the Net.
2:13 of 1st period - Slapshot by Tomas Kundratek.
2:13 of 1st period - Stopped by Magnus Hellberg with a rebound.
2:23 of 1st period - Snap shot by Cody Bass.
2:23 of 1st period - Shot Misses the Net.
4:07 of 1st period - Slapshot by David Clarkson.
4:07 of 1st period - Stopped by Ben Scrivens with a rebound.
5:23 of 1st period - Slapshot by Kelly Zajac.
5:23 of 1st period - Shot Hit the Post.
5:33 of 1st period - Joey Ryan is hit by Jason Zucker and loses puck.
6:01 of 1st period - Wrist shot by Evgeny Kuznetsov.
6:01 of 1st period - Stopped by Ben Scrivens with a rebound.
6:03 of 1st period - Snap shot by Joey Ryan.
6:03 of 1st period - Shot Misses the Net.
6:05 of 1st period - Wrist shot by Joffrey Lupul.
6:05 of 1st period - Stopped by Ben Scrivens with a rebound.
6:09 of 1st period - Snap shot by Pierre-Alexandre Parenteau.
6:09 of 1st period - Stopped by Ben Scrivens with a rebound.
6:19 of 1st period - Snap shot by Michael Raffl.
6:19 of 1st period - Shot Misses the Net.
6:27 of 1st period - Cody Bass is hit by Dany Roussin and loses puck.
6:46 of 1st period - Snap shot by Ronalds Kenins.
6:46 of 1st period - Shot Misses the Net.
7:49 of 1st period - Wrist shot by Joe Colborne.
7:49 of 1st period - Shot Misses the Net.
8:11 of 1st period - Wrist shot by David Clarkson.
8:11 of 1st period - Shot Misses the Net.
8:25 of 1st period - Snap shot by Jimmy Hayes.
8:25 of 1st period - Goal by Jimmy Hayes - Thunder : 0 - Knights : 1.
8:26 of 1st period - Daultan Leveillé wins face-off versus Zack Hamill in neutral zone.
8:39 of 1st period - Snap shot by Zack Hamill.
8:39 of 1st period - Shot Misses the Net.
8:51 of 1st period - Kevin Hayes is hit by Joffrey Lupul and loses puck.
9:08 of 1st period - Minor Penalty to Jonathan Huberdeau for Slashing.
9:09 of 1st period - Cody Bass wins face-off versus Daultan Leveillé in Knights zone.
9:48 of 1st period - Icing by Evgeny Kuznetsov.
9:49 of 1st period - Evgeny Kuznetsov wins face-off versus Cody Bass in Thunder zone.
10:08 of 1st period - Snap shot by Pierre-Alexandre Parenteau.
10:08 of 1st period - Stopped by Ben Scrivens without a rebound.
10:09 of 1st period - Daultan Leveillé wins face-off versus Cody Bass in Knights zone.
10:39 of 1st period - Jimmy Hayes is hit by Kris Russell.
11:08 of 1st period - Penalty to Jonathan Huberdeau is over, Jonathan Huberdeau is back on ice.
11:12 of 1st period - Snap shot by Jay Beagle.
11:12 of 1st period - Goal by Jay Beagle - Thunder : 1 - Knights : 1.
11:13 of 1st period - Daultan Leveillé wins face-off versus Jason Zucker in neutral zone.
11:38 of 1st period - Snap shot by Jay Beagle.
11:38 of 1st period - Shot Misses the Net.
11:40 of 1st period - Wrist shot by David Wolf.
11:40 of 1st period - Stopped by Ben Scrivens without a rebound.
11:41 of 1st period - Kelly Zajac wins face-off versus Zack Hamill in Knights zone.
11:42 of 1st period - Snap shot by Jay Beagle.
11:42 of 1st period - Deflect By Michael Raffl.
11:42 of 1st period - Stopped by Ben Scrivens with a rebound.
11:44 of 1st period - Wrist shot by Jay Beagle.
11:44 of 1st period - Shot Misses the Net.
11:46 of 1st period - Slapshot by Jay Beagle.
11:46 of 1st period - Shot Blocked by Michael Raffl.
11:48 of 1st period - Snap shot by Joey Ryan.
11:48 of 1st period - Shot Misses the Net.
12:06 of 1st period - Adam Hall is hit by Jonathan Huberdeau and loses puck.
12:31 of 1st period - Snap shot by Jimmy Hayes.
12:31 of 1st period - Stopped by Magnus Hellberg without a rebound.
12:32 of 1st period - Joffrey Lupul wins face-off versus Joe Colborne in Thunder zone.
12:39 of 1st period - Snap shot by Pierre-Alexandre Parenteau.
12:39 of 1st period - Stopped by Ben Scrivens without a rebound.
12:40 of 1st period - Zack Hamill wins face-off versus Evgeny Kuznetsov in Knights zone.
12:53 of 1st period - Snap shot by Zack Hamill.
12:53 of 1st period - Stopped by Magnus Hellberg without a rebound.
12:54 of 1st period - Zack Hamill wins face-off versus Daultan Leveillé in Thunder zone.
13:07 of 1st period - Snap shot by Chris Thorburn.
13:07 of 1st period - Shot Misses the Net.
13:19 of 1st period - Kris Russell is hit by Tomas Kundratek and loses puck.
13:44 of 1st period - Snap shot by Ryan Nugent-Hopkins.
13:44 of 1st period - Stopped by Magnus Hellberg without a rebound.
13:45 of 1st period - Ryan Nugent-Hopkins wins face-off versus Kelly Zajac in Thunder zone.
13:50 of 1st period - Snap shot by Linden Vey.
13:50 of 1st period - Stopped by Magnus Hellberg with a rebound.
13:52 of 1st period - Slapshot by Zach Trotman.
13:52 of 1st period - Deflect By Linden Vey.
13:52 of 1st period - Stopped by Magnus Hellberg with a rebound.
14:52 of 1st period - Joe Colborne is hit by David Clarkson and loses puck.
15:54 of 1st period - Wrist shot by Jonathan Huberdeau.
15:54 of 1st period - Shot Misses the Net.
15:56 of 1st period - Snap shot by Cody Bass.
15:56 of 1st period - Stopped by Magnus Hellberg with a rebound.
15:58 of 1st period - Slapshot by Nikita Nikitin.
15:58 of 1st period - Stopped by Magnus Hellberg with a rebound.
16:00 of 1st period - Snap shot by Kevin Hayes.
16:00 of 1st period - Shot Misses the Net.
16:02 of 1st period - Snap shot by Kevin Hayes.
16:02 of 1st period - Stopped by Magnus Hellberg without a rebound.
16:03 of 1st period - Daultan Leveillé wins face-off versus Zack Hamill in Thunder zone.
16:28 of 1st period - Jimmy Hayes is hit by Pierre-Alexandre Parenteau and loses puck.
17:30 of 1st period - David Fischer is hit by Zack Hamill and loses puck.
17:41 of 1st period - Wrist shot by Adam Hall.
17:41 of 1st period - Deflect By Dany Roussin.
17:41 of 1st period - Shot Misses the Net.
17:41 of 1st period - Puck is out of play.
17:42 of 1st period - Ronalds Kenins wins face-off versus Daultan Leveillé in Knights zone.
17:42 of 1st period - Ronalds Kenins is hit by Brett Festerling.
17:48 of 1st period - Dany Roussin is hit by Nikita Nikitin and loses puck.
18:26 of 1st period - Minor Penalty to Michael Raffl for Hooking.
18:27 of 1st period - Daultan Leveillé wins face-off versus Jonathan Huberdeau in Knights zone.
18:30 of 1st period - Snap shot by Dany Roussin.
18:30 of 1st period - Stopped by Ben Scrivens with a rebound.
18:32 of 1st period - Slapshot by David Fischer.
18:32 of 1st period - Stopped by Ben Scrivens with a rebound.
18:34 of 1st period - Snap shot by Daultan Leveillé.
18:34 of 1st period - Goal by Daultan Leveillé - Thunder : 2 - Knights : 1.
18:35 of 1st period - Daultan Leveillé wins face-off versus Zack Hamill in neutral zone.
19:07 of 1st period - Wrist shot by Joe Colborne.
19:07 of 1st period - Shot Misses the Net.
19:25 of 1st period - Kelly Zajac is hit by Zach Trotman and loses puck.
19:34 of 1st period - Zach Trotman is hit by Jay Beagle and loses puck.
Goals for this period are 2 for Thunder vs 1 for Knights.
Shots for this period are 12 for Thunder vs 11 for Knights.
2nd period
0:01 of 2nd period - Daultan Leveillé wins face-off versus Zack Hamill in neutral zone.
0:10 of 2nd period - Snap shot by Michael Raffl.
0:10 of 2nd period - Stopped by Magnus Hellberg without a rebound.
0:11 of 2nd period - Daultan Leveillé wins face-off versus Zack Hamill in Thunder zone.
0:24 of 2nd period - Snap shot by Adam Hall.
0:24 of 2nd period - Stopped by Ben Scrivens without a rebound.
0:25 of 2nd period - Zack Hamill wins face-off versus Daultan Leveillé in Knights zone.
0:36 of 2nd period - Slapshot by Michael Raffl.
0:36 of 2nd period - Shot Blocked by Daultan Leveillé.
0:50 of 2nd period - Jimmy Hayes is hit by Kris Russell and loses puck.
0:58 of 2nd period - Off-side.
0:59 of 2nd period - Daultan Leveillé wins face-off versus Zack Hamill in neutral zone.
1:12 of 2nd period - Backhand shot by Dany Roussin.
1:12 of 2nd period - Deflect By Daultan Leveillé.
1:12 of 2nd period - Stopped by Ben Scrivens with a rebound.
1:32 of 2nd period - Wrist shot by Joe Colborne.
1:32 of 2nd period - Stopped by Magnus Hellberg without a rebound.
1:33 of 2nd period - Evgeny Kuznetsov wins face-off versus Joe Colborne in Thunder zone.
1:58 of 2nd period - David Fischer is hit by Jared Spurgeon and loses puck.
2:47 of 2nd period - Snap shot by Pierre-Alexandre Parenteau.
2:47 of 2nd period - Stopped by Ben Scrivens without a rebound.
2:48 of 2nd period - Joe Colborne wins face-off versus Daultan Leveillé in Knights zone.
2:48 of 2nd period - Joe Colborne is hit by Dany Roussin.
3:24 of 2nd period - Snap shot by Joey Ryan.
3:24 of 2nd period - Stopped by Ben Scrivens without a rebound.
3:25 of 2nd period - Zack Hamill wins face-off versus Daultan Leveillé in Knights zone.
3:50 of 2nd period - Joe Colborne is hit by Peter Andersson and loses puck.
4:42 of 2nd period - Slapshot by Linden Vey.
4:42 of 2nd period - Stopped by Magnus Hellberg without a rebound.
4:43 of 2nd period - Zack Hamill wins face-off versus Evgeny Kuznetsov in Thunder zone.
4:44 of 2nd period - Snap shot by Michael Raffl.
4:44 of 2nd period - Deflect By Pierre-Alexandre Parenteau.
4:44 of 2nd period - Shot Misses the Net.
4:44 of 2nd period - Puck is out of play.
4:45 of 2nd period - Zack Hamill wins face-off versus Evgeny Kuznetsov in Thunder zone.
4:46 of 2nd period - Snap shot by Chris Thorburn.
4:46 of 2nd period - Stopped by Magnus Hellberg with a rebound.
4:48 of 2nd period - Slapshot by Chris Thorburn.
4:48 of 2nd period - Stopped by Magnus Hellberg with a rebound.
4:50 of 2nd period - Slapshot by Jared Spurgeon.
4:50 of 2nd period - Deflect By Joffrey Lupul.
4:50 of 2nd period - Stopped by Magnus Hellberg with a rebound.
4:52 of 2nd period - Backhand shot by Zack Hamill.
4:52 of 2nd period - Stopped by Magnus Hellberg with a rebound.
4:54 of 2nd period - Slapshot by Jared Spurgeon.
4:54 of 2nd period - Deflect By Chris Thorburn.
4:54 of 2nd period - Shot Misses the Net.
4:54 of 2nd period - Puck is out of play.
4:55 of 2nd period - Zack Hamill wins face-off versus Daultan Leveillé in Thunder zone.
5:47 of 2nd period - Wrist shot by Joe Colborne.
5:47 of 2nd period - Stopped by Magnus Hellberg without a rebound.
5:48 of 2nd period - Evgeny Kuznetsov wins face-off versus Joe Colborne in Thunder zone.
6:03 of 2nd period - Snap shot by Jimmy Hayes.
6:03 of 2nd period - Shot Misses the Net.
6:07 of 2nd period - Slapshot by Jimmy Hayes.
6:07 of 2nd period - Stopped by Magnus Hellberg with a rebound.
6:09 of 2nd period - Slapshot by Zach Trotman.
6:09 of 2nd period - Stopped by Magnus Hellberg with a rebound.
6:13 of 2nd period - Slapshot by Joe Colborne.
6:13 of 2nd period - Deflect By Jimmy Hayes.
6:13 of 2nd period - Stopped by Magnus Hellberg with a rebound.
6:15 of 2nd period - Slapshot by Nikita Nikitin.
6:15 of 2nd period - Deflect By Jason Zucker.
6:15 of 2nd period - Stopped by Magnus Hellberg without a rebound.
6:16 of 2nd period - Zack Hamill wins face-off versus Kelly Zajac in Thunder zone.
6:48 of 2nd period - Slapshot by Jared Spurgeon.
6:48 of 2nd period - Shot Misses the Net.
7:02 of 2nd period - Wrist shot by Kelly Zajac.
7:02 of 2nd period - Stopped by Ben Scrivens with a rebound.
7:04 of 2nd period - Slapshot by Joey Ryan.
7:04 of 2nd period - Shot Blocked by Jared Spurgeon.
7:06 of 2nd period - Wrist shot by Joey Ryan.
7:06 of 2nd period - Shot Misses the Net.
7:48 of 2nd period - Wrist shot by Kelly Zajac.
7:48 of 2nd period - Stopped by Ben Scrivens without a rebound.
7:49 of 2nd period - Daultan Leveillé wins face-off versus Zack Hamill in Knights zone.
7:54 of 2nd period - Backhand shot by Dany Roussin.
7:54 of 2nd period - Stopped by Ben Scrivens with a rebound.
7:56 of 2nd period - Minor Penalty to Chris Thorburn for Unsportsmanlike conduct.
7:57 of 2nd period - Daultan Leveillé wins face-off versus Cody Bass in Knights zone.
8:08 of 2nd period - Snap shot by Adam Hall.
8:08 of 2nd period - Shot Misses the Net.
8:10 of 2nd period - Slapshot by David Fischer.
8:10 of 2nd period - Deflect By Daultan Leveillé.
8:10 of 2nd period - Stopped by Ben Scrivens without a rebound.
8:11 of 2nd period - Adam Hall wins face-off versus Cody Bass in Knights zone.
8:14 of 2nd period - Slapshot by Adam Hall.
8:14 of 2nd period - Shot Misses the Net.
8:26 of 2nd period - Cody Bass is hit by David Fischer and loses puck.
8:45 of 2nd period - Slapshot by Joffrey Lupul.
8:45 of 2nd period - Shot Misses the Net.
9:56 of 2nd period - Penalty to Chris Thorburn is over, Chris Thorburn is back on ice.
11:00 of 2nd period - Snap shot by Jonathan Huberdeau.
11:00 of 2nd period - Shot Blocked by Evgeny Kuznetsov.
13:47 of 2nd period - Kris Russell is hit by Zack Hamill and loses puck.
14:00 of 2nd period - Jay Beagle is hit by Nikita Nikitin and loses puck.
14:27 of 2nd period - Brett Festerling is hit by Linden Vey and loses puck.
14:36 of 2nd period - Wrist shot by Linden Vey.
14:36 of 2nd period - Stopped by Magnus Hellberg without a rebound.
14:37 of 2nd period - Daultan Leveillé wins face-off versus Michael Raffl in Thunder zone.
15:03 of 2nd period - Minor Penalty to Jason Zucker for Hooking.
15:04 of 2nd period - Cody Bass wins face-off versus Daultan Leveillé in Knights zone.
15:04 of 2nd period - Cody Bass is hit by Adam Hall.
15:09 of 2nd period - Wrist shot by Dany Roussin.
15:09 of 2nd period - Shot Misses the Net.
15:11 of 2nd period - Wrist shot by David Fischer.
15:11 of 2nd period - Stopped by Ben Scrivens with a rebound.
15:13 of 2nd period - Snap shot by Daultan Leveillé.
15:13 of 2nd period - Deflect By Adam Hall.
15:13 of 2nd period - Goal by Adam Hall - Thunder : 3 - Knights : 1.
15:14 of 2nd period - Daultan Leveillé wins face-off versus Zack Hamill in neutral zone.
15:39 of 2nd period - Joe Colborne is hit by David Fischer and loses puck.
16:06 of 2nd period - Nikita Nikitin is hit by Brett Festerling and loses puck.
16:12 of 2nd period - Off-side.
16:13 of 2nd period - Zack Hamill wins face-off versus Joe Labate in neutral zone.
16:18 of 2nd period - Snap shot by Chris Thorburn.
16:18 of 2nd period - Stopped by Magnus Hellberg with a rebound.
16:20 of 2nd period - Slapshot by Michael Raffl.
16:20 of 2nd period - Goal by Michael Raffl - Thunder : 3 - Knights : 2.
16:21 of 2nd period - Zack Hamill wins face-off versus Daultan Leveillé in neutral zone.
17:28 of 2nd period - Slapshot by Ronalds Kenins.
17:28 of 2nd period - Stopped by Magnus Hellberg with a rebound.
17:52 of 2nd period - Snap shot by Adam Hall.
17:52 of 2nd period - Stopped by Ben Scrivens without a rebound.
17:53 of 2nd period - Daultan Leveillé wins face-off versus Zack Hamill in Knights zone.
17:54 of 2nd period - Snap shot by Adam Hall.
17:54 of 2nd period - Shot Misses the Net.
19:09 of 2nd period - Wrist shot by Kelly Zajac.
19:09 of 2nd period - Deflect By David Wolf.
19:09 of 2nd period - Stopped by Ben Scrivens without a rebound.
19:10 of 2nd period - Adam Hall wins face-off versus Cody Bass in Knights zone.
19:19 of 2nd period - Slapshot by Adam Hall.
19:19 of 2nd period - Stopped by Ben Scrivens without a rebound.
19:20 of 2nd period - Zack Hamill wins face-off versus Daultan Leveillé in Knights zone.
Goals for this period are 1 for Thunder vs 1 for Knights.
Shots for this period are 13 for Thunder vs 16 for Knights.
3rd period
0:01 of 3rd period - Dany Roussin wins face-off versus Zack Hamill in neutral zone.
0:04 of 3rd period - Slapshot by Kris Russell.
0:04 of 3rd period - Deflect By Adam Hall.
0:04 of 3rd period - Thunder goal is going for a video replay.
0:04 of 3rd period - The goal is refused. The puck has entered the net after making contact with an attacking player’s stick that is above the height of the crossbar..
0:05 of 3rd period - Daultan Leveillé wins face-off versus Zack Hamill in Knights zone.
0:38 of 3rd period - Off-side.
0:39 of 3rd period - Evgeny Kuznetsov wins face-off versus Joe Colborne in neutral zone.
0:42 of 3rd period - Wrist shot by Joffrey Lupul.
0:42 of 3rd period - Stopped by Ben Scrivens with a rebound.
0:44 of 3rd period - Snap shot by Evgeny Kuznetsov.
0:44 of 3rd period - Shot Misses the Net.
0:46 of 3rd period - Snap shot by Evgeny Kuznetsov.
0:46 of 3rd period - Shot Blocked by Scott Jackson.
0:48 of 3rd period - Wrist shot by Pierre-Alexandre Parenteau.
0:48 of 3rd period - Shot Blocked by Michael Stone.
1:30 of 3rd period - Daultan Leveillé is hit by Tomas Kundratek and loses puck.
1:59 of 3rd period - Snap shot by Linden Vey.
1:59 of 3rd period - Goal by Linden Vey - Thunder : 3 - Knights : 3.
2:00 of 3rd period - Zack Hamill wins face-off versus Daultan Leveillé in neutral zone.
2:17 of 3rd period - Icing by Kris Russell.
2:18 of 3rd period - Daultan Leveillé wins face-off versus Joe Colborne in Thunder zone.
2:58 of 3rd period - Slapshot by David Fischer.
2:58 of 3rd period - Stopped by Ben Scrivens with a rebound.
3:00 of 3rd period - Slapshot by David Fischer.
3:00 of 3rd period - Stopped by Ben Scrivens without a rebound.
3:01 of 3rd period - Joffrey Lupul wins face-off versus Cody Bass in Knights zone.
3:06 of 3rd period - Snap shot by Joffrey Lupul.
3:06 of 3rd period - Shot Blocked by Jared Spurgeon.
3:32 of 3rd period - Jared Spurgeon is hit by Brett Festerling and loses puck.
3:59 of 3rd period - Casey Pierro-Zabotel is hit by Michael Raffl.
4:55 of 3rd period - Snap shot by Jimmy Hayes.
4:55 of 3rd period - Shot Misses the Net.
5:39 of 3rd period - Backhand shot by Adam Hall.
5:39 of 3rd period - Stopped by Ben Scrivens with a rebound.
5:41 of 3rd period - Slapshot by Josiah Didier.
5:41 of 3rd period - Shot Misses the Net.
5:54 of 3rd period - Minor Penalty to David Wolf for Interference.
5:55 of 3rd period - Adam Hall wins face-off versus Joe Colborne in Thunder zone.
6:13 of 3rd period - Dany Roussin is hit by Jimmy Hayes and loses puck.
7:49 of 3rd period - Brett Festerling is hit by Zach Trotman and loses puck.
7:50 of 3rd period - Brett Festerling from Thunder is injured at 7:50 of 3rd period (Strained Left Knee).
7:51 of 3rd period - Zack Hamill wins face-off versus Adam Hall in Thunder zone.
7:54 of 3rd period - Penalty to David Wolf is over, David Wolf is back on ice.
8:02 of 3rd period - Kris Russell is hit by Chris Thorburn and loses puck.
8:19 of 3rd period - Wrist shot by Pierre-Alexandre Parenteau.
8:19 of 3rd period - Shot Blocked by Nikita Nikitin.
8:21 of 3rd period - Wrist shot by Evgeny Kuznetsov.
8:21 of 3rd period - Shot Misses the Net.
8:23 of 3rd period - Slapshot by Kris Russell.
8:23 of 3rd period - Shot Blocked by Nikita Nikitin.
8:25 of 3rd period - Wrist shot by Evgeny Kuznetsov.
8:25 of 3rd period - Stopped by Ben Scrivens without a rebound.
8:26 of 3rd period - Zack Hamill wins face-off versus Evgeny Kuznetsov in Knights zone.
8:37 of 3rd period - Slapshot by Scott Jackson.
8:37 of 3rd period - Shot Blocked by Pierre-Alexandre Parenteau.
8:39 of 3rd period - Snap shot by Zack Hamill.
8:39 of 3rd period - Shot Blocked by Pierre-Alexandre Parenteau.
9:13 of 3rd period - Snap shot by Pierre-Alexandre Parenteau.
9:13 of 3rd period - Shot Hit the Post.
9:32 of 3rd period - Slapshot by Pierre-Alexandre Parenteau.
9:32 of 3rd period - Stopped by Ben Scrivens with a rebound.
9:34 of 3rd period - Wrist shot by Pierre-Alexandre Parenteau.
9:34 of 3rd period - Shot Misses the Net.
9:36 of 3rd period - Wrist shot by Evgeny Kuznetsov.
9:36 of 3rd period - Goal by Evgeny Kuznetsov - Thunder : 4 - Knights : 3.
9:37 of 3rd period - Daultan Leveillé wins face-off versus Zack Hamill in neutral zone.
9:49 of 3rd period - Tomas Kundratek is hit by David Fischer and loses puck.
10:25 of 3rd period - Slapshot by Jared Spurgeon.
10:25 of 3rd period - Stopped by Magnus Hellberg without a rebound.
10:26 of 3rd period - Cody Bass wins face-off versus Daultan Leveillé in Thunder zone.
10:57 of 3rd period - Kelly Zajac is hit by Kevin Hayes and loses puck.
11:12 of 3rd period - Slapshot by Cody Bass.
11:12 of 3rd period - Stopped by Magnus Hellberg with a rebound.
11:14 of 3rd period - Wrist shot by Jonathan Huberdeau.
11:14 of 3rd period - Shot Misses the Net.
11:28 of 3rd period - Snap shot by Cody Bass.
11:28 of 3rd period - Deflect By Kevin Hayes.
11:28 of 3rd period - Stopped by Magnus Hellberg with a rebound.
11:30 of 3rd period - Snap shot by Kevin Hayes.
11:30 of 3rd period - Stopped by Magnus Hellberg with a rebound.
11:32 of 3rd period - Snap shot by Jonathan Huberdeau.
11:32 of 3rd period - Shot Misses the Net.
11:34 of 3rd period - Wrist shot by Jonathan Huberdeau.
11:34 of 3rd period - Shot Misses the Net.
11:36 of 3rd period - Snap shot by Jonathan Huberdeau.
11:36 of 3rd period - Stopped by Magnus Hellberg with a rebound.
11:38 of 3rd period - Snap shot by Nikita Nikitin.
11:38 of 3rd period - Stopped by Magnus Hellberg with a rebound.
11:40 of 3rd period - Wrist shot by Cody Bass.
11:40 of 3rd period - Shot Misses the Net.
11:44 of 3rd period - Snap shot by Jonathan Huberdeau.
11:44 of 3rd period - Stopped by Magnus Hellberg without a rebound.
11:45 of 3rd period - Daultan Leveillé wins face-off versus Zack Hamill in Thunder zone.
11:45 of 3rd period - Daultan Leveillé is hit by Zack Hamill.
12:23 of 3rd period - Slapshot by Ronalds Kenins.
12:23 of 3rd period - Shot Misses the Net.
12:57 of 3rd period - Slapshot by Kris Russell.
12:57 of 3rd period - Shot Hit the Post.
12:59 of 3rd period - Minor Penalty to Scott Jackson for Hooking.
13:00 of 3rd period - Evgeny Kuznetsov wins face-off versus Cody Bass in Knights zone.
13:03 of 3rd period - Slapshot by Pierre-Alexandre Parenteau.
13:03 of 3rd period - Stopped by Ben Scrivens with a rebound.
13:43 of 3rd period - Jared Spurgeon is hit by Peter Andersson and loses puck.
14:59 of 3rd period - Penalty to Scott Jackson is over, Scott Jackson is back on ice.
15:06 of 3rd period - Snap shot by Jay Beagle.
15:06 of 3rd period - Stopped by Ben Scrivens without a rebound.
15:07 of 3rd period - Kelly Zajac wins face-off versus Joe Colborne in Knights zone.
15:08 of 3rd period - Wrist shot by Jay Beagle.
15:08 of 3rd period - Stopped by Ben Scrivens with a rebound.
15:10 of 3rd period - Wrist shot by Jay Beagle.
15:10 of 3rd period - Shot Blocked by Michael Stone.
15:16 of 3rd period - Joe Colborne is hit by Kelly Zajac and loses puck.
15:23 of 3rd period - Jay Beagle is hit by Joe Colborne and loses puck.
15:44 of 3rd period - Wrist shot by Linden Vey.
15:44 of 3rd period - Shot Misses the Net.
16:43 of 3rd period - Jimmy Hayes is hit by Jay Beagle and loses puck.
17:30 of 3rd period - David Wolf is hit by Zack Hamill and loses puck.
18:53 of 3rd period - Knights, Ben Scrivens is pulled from the net.
19:28 of 3rd period - Snap shot by Adam Hall.
19:28 of 3rd period - Goal by Adam Hall - Thunder : 5 - Knights : 3.
19:28 of 3rd period - Ben Scrivens from Knights was sent back in the game.
19:29 of 3rd period - Zack Hamill wins face-off versus Robin Leblanc in neutral zone.
19:44 of 3rd period - Nikita Nikitin is hit by Joey Ryan and loses puck.
Goals for this period are 2 for Thunder vs 1 for Knights.
Shots for this period are 12 for Thunder vs 8 for Knights.
Back to the Top